Map: Oceanborn LE

Players

iDStark

  • Race: Zerg Zerg
  • League: Diamond
  • Spawn Location: 11:00

Obvi - Winner!

  • Race: Zerg Zerg
  • League: Diamond
  • Spawn Location: 5:00

VOD

Have the link to the VOD?

Description

Time

  • Played on: Nov. 26, 2023, 1:25 p.m.
  • Length: 10:33
Show
View Real Time Build Order
Export as new Build Order

iDStark Zerg 

Build Orders: Hatch First 

Get SALT Encoding   

  12  0:02  Drone  
  13  0:12  Drone  
  14  0:18  Overlord  
  14  0:36  Drone  
  14  0:37  Drone x2  
  17  0:53  Hatchery  
  17  0:56  Drone  
  17  0:59  Drone  
  17  1:02  Extractor  
  17  1:14  Spawning Pool  
  17  1:17  Drone  
  17  1:21  Drone  
  18  1:31  Drone  
  19  1:41  Overlord  
  19  2:01  Queen  
  19  2:02  Metabolic Boost  
  19  2:05  Zergling x2, Queen  
  19  2:06  Zergling x2  
  26  2:08  Drone  
  26  2:15  Drone  
  28  2:37  Drone x2  
  28  2:40  Hatchery  
  28  2:45  Queen  
  28  2:51  Drone  
  31  2:52  Drone  
  31  3:09  Queen  
  31  3:10  Drone x3  
  36  3:12  Overlord  
  35  3:32  Zergling x4  
  37  3:34  Drone x4  
  37  3:35  Drone x2  
  43  3:53  Roach Warren  
  42  4:02  Lair  
  42  4:03  Drone  
  42  4:04  Drone x3, Extractor  
  42  4:09  Queen  
  45  4:10  Overlord  
  45  4:11  Drone x2  
  49  4:28  Extractor  
  49  4:29  Drone x2  
  49  4:30  Drone x5  
  49  4:31  Drone x2  
  57  4:38  Extractor  
  56  4:42  Evolution Chamber  
  55  4:48  Roach  
  55  4:49  Overlord x3  
  57  5:08  Roach x9  
  57  5:10  Glial Reconstitution  
  57  5:11  Zerg Missile Weapons Level 1  
  74  5:23  Roach x2  
  74  5:24  Roach  
  74  5:25  Overlord x3  
  80  5:43  Drone  
  80  5:45  Drone x4  
  80  5:46  Drone x3  
  88  6:07  Evolution Chamber  
  88  6:10  Drone x9  
  88  6:11  Drone x2  
  97  6:18  Overlord x3  
  97  6:19  Ravager x2  
  97  6:20  Ravager x2  
  101  6:26  Hydralisk Den  
  101  6:30  Infestation Pit  
  99  6:33  Roach  
  99  6:34  Roach x2  
  99  6:37  Extractor, Overlord x3  
  99  6:38  Extractor  
  99  6:39  Roach x4  
  111  6:42  Overseer  
  111  6:44  Zerg Ground Armor Level 1  
  111  6:52  Roach x3  
  111  6:53  Roach x2  
  121  7:07  Muscular Augments  
  121  7:08  Hatchery  
  120  7:14  Drone x5  
  120  7:15  Drone x6  
  131  7:19  Roach  
  131  7:20  Roach  
  135  7:28  Hydralisk  
  135  7:29  Hydralisk x4  
  143  7:33  Zerg Missile Weapons Level 2  
  145  7:46  Roach  
  145  7:47  Roach x3  
  145  7:48  Overlord x2  
  145  7:49  Overlord  
  153  8:13  Hydralisk x6, Roach  
  153  8:14  Roach x5  
  177  8:27  Extractor  
  176  8:36  Overseer x2  
  176  8:42  Drone x5  
  176  8:43  Drone x2  
  176  8:44  Extractor  
  176  8:45  Hydralisk  
  184  8:48  Overlord x3  
  184  8:51  Overseer  
  184  9:01  Hive  
  184  9:04  Lurker Den  
  155  9:49  Hydralisk x5  
  155  9:50  Hydralisk x5, Roach x6  
  155  9:51  Roach x3  
  150  9:58  Hydralisk x5  
  150  9:59  Roach x4  
  142  10:07  Hydralisk  
  142  10:08  Hydralisk x3, Roach  
  142  10:09  Roach  
  142  10:10  Lurker  
Show
View Real Time Build Order
Export as new Build Order

Obvi Zerg - Winner!

Build Orders: Hatch First 

Get SALT Encoding   

  12  0:00  Drone  
  13  0:14  Overlord  
  13  0:18  Drone  
  14  0:32  Drone x2  
  16  0:49  Hatchery  
  15  0:52  Drone  
  16  1:07  Spawning Pool  
  16  1:09  Drone  
  16  1:12  Drone  
  16  1:16  Drone  
  18  1:29  Extractor  
  18  1:31  Drone  
  18  1:32  Drone  
  19  1:47  Drone  
  20  1:55  Overlord  
  20  2:11  Queen  
  20  2:12  Queen  
  20  2:13  Zergling x2  
  20  2:14  Drone x2  
  27  2:16  Drone  
  28  2:23  Drone  
  28  2:27  Drone  
  30  2:36  Drone  
  32  2:44  Drone  
  32  2:45  Drone  
  32  2:48  Drone, Queen  
  36  2:51  Lair  
  36  3:11  Drone, Roach Warren  
  36  3:30  Evolution Chamber  
  34  3:39  Drone x2  
  36  3:47  Evolution Chamber  
  35  3:53  Drone  
  36  3:55  Extractor  
  36  3:56  Zerg Missile Weapons Level 1  
  36  3:57  Extractor, Glial Reconstitution  
  36  3:59  Drone x2  
  36  4:03  Overlord  
  36  4:04  Overlord  
  36  4:05  Overlord  
  36  4:06  Overlord  
  36  4:26  Drone x6  
  36  4:30  Drone  
  36  4:31  Drone x4  
  47  4:40  Roach x2  
  51  4:46  Zerg Ground Armor Level 1  
  51  4:47  Roach x2  
  55  4:54  Drone  
  55  4:56  Roach x2  
  60  5:13  Hatchery  
  59  5:19  Roach x4  
  67  5:32  Overlord x3  
  67  5:34  Overlord x2  
  67  5:48  Overlord  
  67  5:54  Roach  
  67  5:55  Roach x6  
  81  6:01  Roach x2  
  85  6:09  Roach  
  87  6:14  Drone x7  
  94  6:22  Extractor, Drone  
  94  6:23  Zerg Missile Weapons Level 2  
  94  6:30  Drone  
  95  6:36  Drone  
  95  6:39  Overseer  
  96  6:46  Drone x3  
  99  6:47  Extractor  
  99  6:48  Drone x2  
  99  6:49  Extractor  
  99  6:53  Drone x3  
  102  6:55  Drone  
  102  6:58  Drone  
  102  6:59  Hatchery  
  103  7:02  Drone  
  103  7:03  Drone x2  
  103  7:08  Zerg Ground Armor Level 2  
  106  7:10  Drone  
  107  7:29  Pneumatized Carapace  
  107  7:40  Drone  
  107  7:41  Drone x2  
  109  7:52  Roach  
  109  7:53  Roach x5  
  109  7:54  Overlord x4  
  121  8:00  Overlord x3, Hydralisk Den  
  122  8:27  Roach x12  
  122  8:28  Roach x7  
  122  8:32  Ravager x4  
  122  8:33  Ravager x6  
  168  8:39  Lurker Den  
  167  8:42  Extractor  
  167  8:43  Drone x3  
  167  8:45  Drone x3  
  167  8:46  Overlord  
  167  8:47  Extractor, Overlord  
  171  9:05  Grooved Spines  
  171  9:12  Infestation Pit  
  170  9:21  Roach x7  
  182  9:42  Roach x2  
  180  9:50  Roach x5  
  180  9:52  Roach x5  
  176  9:53  Roach  
  176  10:03  Overlord x10  
Tags
 
Add a new tag
Caveats
  • Supply blocks, unpowered buildings, or Contaminate may cause inaccurate times.
  • Supply counts are checked every 10 seconds.